 Dungeon Crawl Stone Soup version 0.31-a0-963-ga325b2283a (webtiles) character file.

Game seed: 6323115580724776435

1310 LeprechaunX the Changeling (level 8, -1/81 HPs)
             Began as an Octopode Shapeshifter on Oct 25, 2023.
             Slain by an iguana (6 damage)
             ... on level 5 of the Dungeon.
             The game lasted 00:06:40 (3935 turns).

LeprechaunX the Changeling (Octopode Shapeshifter)  Turns: 3935, Time: 00:06:41

Health: -1/81      AC: 24    Str: 13    XL:     8   Next: 58%
Magic:  8/8        EV:  2    Int: 13    God:
Gold:   192        SH:  0    Dex: 13    Spells: 7/7 levels left

rFire   . .          .
                       - Unarmed
rCold   . . .        (no shield)
rNeg    + . .        (helmet currently unavailable)
rPois   +            d - amulet of regeneration
rElec   .            m - ring of positive energy
rCorr   .            n - ring of see invisible
SInv    +            (no ring)
Will    .....        (no ring)
Stlth   +            (no ring)
HPRegen 1.13/turn    (no ring)
MPRegen 0.11/turn    (no ring)
                     (no ring)

%: no passive effects
@: lethally poisoned (-1 -> -1), tree-form
A: stationary, stasis, torment immunity, boosted hp, almost no armour,
(amphibious), 8 rings, (camouflage 1), (gelatinous body 1), (nimble swimmer 1),
(tentacles)
a: no special abilities


You were on level 5 of the Dungeon.
You were a tree.
You visited 1 branch of the dungeon, and saw 5 of its levels.
You also visited: Sewer.

You collected 218 gold pieces.
You spent 26 gold pieces at shops.

Inventory:

Hand Weapons
 a - a +3 sling
Armour
 t - a +0 tower shield
Jewellery
 d - an amulet of regeneration (around neck)
 m - a ring of positive energy (left branch)
 n - a ring of see invisible (right branch)
Talismans
 b - a beast talisman
 c - a flux talisman
Scrolls
 e - 2 scrolls of enchant armour {unknown}
 f - 3 scrolls of revelation {unknown}
 h - 4 scrolls of teleportation {unknown}
 i - a scroll of vulnerability {unknown}
 j - a scroll of torment {unknown}
 k - 4 scrolls of identify
 l - 5 scrolls of immolation
 p - 2 scrolls of blinking
 u - a scroll of fog {unknown}
Potions
 g - a potion of heal wounds {unknown}
 o - a potion of brilliance {unknown}
 q - a potion of haste {unknown}
 s - 2 potions of mutation {unknown}


   Skills:
 + Level 4.7 Fighting
 + Level 3.0 Ranged Weapons
 - Level 2.0 Dodging
 + Level 5.6 Unarmed Combat
 * Level 6.9 Shapeshifting


You had 7 spell levels left.
You didn't know any spells.
Your spell library contained the following spells:

 Spells                   Type           Power      Damage    Failure   Level
 Summon Small Mammal      Summ           0%         N/A       30%         1
 Blink                    Tloc           0%         N/A       43%         2
 Lesser Beckoning         Tloc           0%         N/A       43%         2
 Momentum Strike          Conj/Tloc      0%         3d8       43%         2
 Call Canine Familiar     Summ           0%         N/A       67%         3
 Stone Arrow              Conj/Erth      0%         3d7       67%         3
 Summon Guardian Golem    Hex/Summ       0%         N/A       67%         3
 Lehudib's Crystal Spear  Conj/Erth      0%         10d2      100%        8
 Animate Armour           Summ/Erth      Unusable   N/A       N/A         4

Dungeon Overview and Level Annotations

Branches:
Dungeon (5/15)              Sewer (visited)
 Temple: D:4-7

Altars:
Okawaru
Wu Jian

Shops:
D:1 ?   D:4 =


Innate Abilities, Weirdness & Mutations

You are a tree.
Your roots penetrate the ground, keeping you stationary.
You cannot be teleported.
You are immune to unholy pain and torment.
Your maximum health is greatly increased.
You cannot wear most types of armour.
((You are amphibious.))
You can wear up to eight rings at the same time.
((Your skin changes colour to match your surroundings (Stealth+).))
((Your rubbery body absorbs attacks. (AC +1, EV +1)))
((You are camouflaged when in or above water. (Stealth+)))
((You have tentacles for arms and can constrict up to eight enemies at once.))


Message History

You tentacle-slap the orc but do no damage.
Your grab misses the orc. The orc hits you with a +0 short sword.
You bludgeon the orc!
You kill the orc!
An orc comes into view. It is wielding a +0 whip.
You tentacle-slap the orc. Your grab misses the orc.
The orc is heavily wounded.
The orc hits you with a +1 war axe of venom!
The iguana barely misses you.
You barely miss the iguana. Your grab misses the iguana.
The orc hits you with a +1 war axe of venom.
You are poisoned.
The iguana bites you!
You tentacle-slap the iguana but do no damage.
Your grab misses the iguana. Your squeeze misses the iguana.
You feel very sick. The orc barely misses you. The iguana bites you.
You tentacle-slap the orc.
You kill the orc!
You feel sick. The iguana closely misses you.
Unknown command.
You tentacle-slap the iguana. Your grab misses the iguana.
You squeeze the iguana, but do no damage.
The iguana is lightly wounded.
You feel sick. The orc hits you with a +0 hand axe!
* * * LOW HITPOINT WARNING * * *
The iguana barely misses you.
Unknown command.
Your transformation has ended.
You turn into a tree.
Your roots penetrate the ground.
You feel sick. The orc hits you but does no damage. The iguana bites you!
* * * LOW HITPOINT WARNING * * *
You barely miss the iguana.
The iguana is lightly wounded.
You feel sick. The orc hits you but does no damage.
The iguana bites you but does no damage.
You closely miss the iguana. You punch the iguana.
The iguana is lightly wounded.
You feel sick. The orc hits you but does no damage. The iguana bites you.
You die...

..)>....# ###
#.#.....# ....
#.#.....##$#.. #
#.#...........
#.###.#....###.###
#.....#..oo#.....#
#.<#.##o#.###.#
#.#####o#..)..#
#....##♣#.###.#
####...l#.....#
#..#.###.###
#..$........
#########... ###


You could see an iguana and 4 orcs.

Vanquished Creatures
  Pikel (D:4)
  A lemure (D:4)
  2 phantoms (D:4)
  2 bullfrogs (Sewer)
  2 scorpions (D:5)
  2 orc priests (D:3)
  A jelly (D:3)
  An iguana (D:4)
  3 orc wizards
  10 adders
  7 gnolls
  A river rat (D:3)
  4 worms
  3 dart slugs
  9 orcs
  14 ball pythons
  5 bats
  4 endoplasms
  9 giant cockroaches
  5 goblins
  7 hobgoblins
  5 jackals
  16 quokkas
  5 frilled lizards
  7 kobolds
  4 rats
130 creatures vanquished.

Notes
Turn   | Place    | Note
-------+----------+-------------------------------------------
     0 | D:1      | LeprechaunX the Octopode Shapeshifter began the quest for
                  | the Orb.
     0 | D:1      | Reached XP level 1. HP: 13/13 MP: 1/1
   160 | D:1      | Reached XP level 2. HP: 18/18 MP: 2/2
   635 | D:1      | Found Liwosk's Magic Scroll Shoppe.
   753 | D:2      | Reached XP level 3. HP: 14/23 MP: 3/3
   808 | D:2      | Found an ornate altar of the Wu Jian Council.
   897 | D:2      | Found a faded altar of an unknown god.
   950 | D:2      | You fall into a shaft and drop 1 floor!
  1013 | D:3      | Found an iron altar of Okawaru.
  1205 | D:3      | Reached XP level 4. HP: 29/29 MP: 4/4
  1293 | D:3      | Reached skill level 4 in Shapeshifting
  1313 | D:3      | Found a glowing drain.
  1317 | Sewer    | Entered a sewer
  1393 | Sewer    | Noticed a bullfrog
  1396 | Sewer    | Noticed a bullfrog
  1399 | Sewer    | Killed a bullfrog
  1400 | Sewer    | Reached XP level 5. HP: 23/35 MP: 5/5
  1404 | Sewer    | Reached XP level 6. HP: 22/41 MP: 6/6
  1792 | D:3      | Reached skill level 5 in Shapeshifting
  2555 | D:2      | Reached XP level 7. HP: 46/46 MP: 7/7
  2981 | D:1      | Bought a scroll of identify for 26 gold pieces
  3141 | D:4      | Reached skill level 1 in Ranged Weapons
  3391 | D:4      | Found Toagaos's Jewellery Emporium.
  3475 | D:4      | Noticed Pikel
  3556 | D:4      | Killed Pikel
  3557 | D:4      | Reached skill level 5 in Unarmed Combat
  3557 | D:4      | Reached skill level 6 in Shapeshifting
  3557 | D:4      | Reached XP level 8. HP: 33/54 MP: 8/8
  3804 | D:4      | Identified the +7 chain mail of Toothy Amelioration
                  | {Rampage rF- Str+2}
  3896 | D:5      | Entered Level 5 of the Dungeon
  3935 | D:5      | Slain by an iguana

Illustrated notes

Levels and vault maps discovered:
D:1:      wander_arrival_chamber, layout_loops_ring, serial_shops,
          nicolae_shop_pleasant_corner_grove
D:2:      cheibrodos_helix_gallery, layout_loops_ring,
          hellmonk_ecumenical_altar_blasted, basic_altar, st_stairs_3,
          minmay_shallow_snake_nest
D:3:      layout_loops_corners, mainiacjoe_overflow_small_starburst,
          gup_sewer_entry_spiral
D:4:      layout_basic, serial_shops, shop, uniq_pikel
D:5:      layout_basic, nicolae_wu_jian_wuxing_cycle, minmay_checkerbox

Skill      XL: |  1  2  3  4  5  6  7  8 |
---------------+-------------------------+-----
Fighting       | 2 3 4 |  4.7
Shapeshifting  | 4 5 6 |  6.9
Unarmed Combat | 4 5 |  5.6
Ranged Weapons | 2 3 |  3.0
Dodging        | |  2.0

Action                     |  1- 3 |  4- 6 |  7- 9 || total
---------------------------+-------+-------+-------++-------
  Melee: Unarmed           |    76 |    99 |    54 ||   229
         Constrict         |    19 |    28 |    10 ||    57
         Tentacles         |    17 |    18 |    14 ||    49
         Punch             |     1 |     2 |     2 ||     5
   Fire: Sling             |       |       |    73 ||    73
    Use: Potion            |       |       |     1 ||     1
   Stab: Sleeping          |     7 |    11 |     1 ||    19
 Armour: Skin              |    29 |    42 |    42 ||   113
  Dodge: Dodged            |    53 |    59 |    36 ||   148

Table legend: (Time is in decaauts)
 A = Elapsed time spent in this place.
 B = Non-inter-level travel time spent in this place.
 C = Inter-level travel time spent in this place.
 D = Time resting spent in this place.
 E = Time spent auto-exploring this place.
 F = Levels seen in this place.
 G = Mean time per level.
                   A        B        C        D        E       F      G
               +--------+--------+--------+--------+--------+-----+--------+
         Total |   3935 |   3482 |    453 |     93 |   2377 |   6 |  655.8 |
       Dungeon |   3699 |   3246 |    453 |     93 |   2273 |   5 |  739.8 |
         Sewer |    235 |    235 |      0 |      0 |    104 |   1 |  235.0 |
               +--------+--------+--------+--------+--------+-----+--------+

Top non-repeatable levels by time:
     D:3: 1370 daAuts
     D:1: 817 daAuts
     D:4: 785 daAuts
     D:2: 689 daAuts
   Sewer: 235 daAuts
     D:5: 36 daAuts
